 Dungeon Crawl Stone Soup version 0.31-a0-507-gbafd7f5274 (webtiles) character file.

Game seed: 2928111379990502239

7570 lunkers the Black Belt (level 11, -19/92 HPs)
             Began as a Meteoran Shapeshifter on Aug 10, 2023.
             Was a Believer of Ru.
             Demolished by a minotaur
             ... wielding a +1 heavy morningstar
              (21 damage)
             ... in a Gauntlet.
             The game lasted 00:11:08 (4204 turns).

lunkers the Black Belt (Meteoran Shapeshifter)      Turns: 4204, Time: 00:11:09

Health: -19/92     AC:  5    Str: 17    XL:     11   Next: 66%
Magic:  12/12      EV: 17    Int: 10    God:    Ru [**....]
Gold:   250        SH:  0    Dex: 19    Spells: 10/10 levels left

rFire   . .          .
                       - Unarmed
rCold   . . .        (no shield)
rNeg    . . .        w - +0 steam dragon scales
rPois   .            (helmet currently unavailable)
rElec   .            (cloak currently unavailable)
rCorr   .            (gloves currently unavailable)
SInv    .            (boots currently unavailable)
Will    +....        f - amulet of faith Stlth
                     e - ring of wizardry
HPRegen 0.35/turn    (no ring)
MPRegen 0.13/turn

%: no teleportation, faith, wizardry (x1)
@: mighty, beast-form, glowing, unable to drink
A: beast (slay +4), sense surroundings 2, inability to drink after injury 2, no
stealth, otherworldly, glowing, explore regen
a: Begin Untransformation, Renounce Religion


You were in a Gauntlet.
You worshipped Ru.
Ru was pleased with you.
You were a hulking beast.
You visited 3 branches of the dungeon, and saw 10 of its levels.
You also visited: Gauntlet.

You collected 372 gold pieces.
You spent 122 gold pieces at shops.

Inventory:

Hand Weapons
 B - the +3 Elemental Staff {ele, rElec rF+ rC+ AC+3}
   (You found it in a Gauntlet)

   AC+3:      It affects your AC (+3).
   rF+:       It protects you from fire.
   rC+:       It protects you from cold.
   rElec:     It insulates you from electricity.
Missiles
 p - 5 curare-tipped darts
Armour
 h - a +0 pair of boots of flying
 n - a +0 leather armour
 t - a +2 pair of boots
 w - +0 steam dragon scales (worn)
 z - a +0 ring mail
 C - the +0 pair of boots of the Pits of Slime {Harm rF+ rC+}
   (You found it in a Gauntlet)

   rF+:       It protects you from fire.
   rC+:       It protects you from cold.
   Harm:      It increases damage dealt and taken.
Jewellery
 e - a ring of wizardry (left hand)
 f - an amulet of faith (around neck)
Talismans
 c - a beast talisman (active)
 d - a flux talisman
Wands
 v - a wand of paralysis (7)
Scrolls
 b - 3 scrolls of amnesia
 k - 3 scrolls of blinking
 q - 2 scrolls of fog
 r - a scroll of revelation
 u - 2 scrolls of enchant armour
 y - a scroll of fear
 A - a scroll of silence
Potions
 a - a potion of cancellation {unknown}
 i - 3 potions of enlightenment
 j - a potion of attraction
 l - a potion of ambrosia {unknown}
 m - 2 potions of curing
 o - 4 potions of haste
 s - a potion of invisibility
 x - a potion of mutation


   Skills:
 + Level 7.5 Fighting
 + Level 7.7 Dodging
 - Level 15.9 Unarmed Combat
 + Level 10.2 Shapeshifting


You had 10 spell levels left.
You didn't know any spells.
Your spell library contained the following spells:

 Spells                   Type           Power      Damage    Failure   Level
 Lesser Beckoning         Tloc           0%         N/A       22%         2
 Sublimation of Blood     Necr           0%         N/A       22%         2
 Dazzling Flash           Conj/Hex       0%         N/A       41%         3
 Gell's Gravitas          Tloc           0%         N/A       41%         3
 Ignite Poison            Fire/Tmut/Pois 0%         N/A       41%         3
 Teleport Other           Tloc           0%         N/A       41%         3
 Petrify                  Tmut/Erth      0%         N/A       80%         4
 Sticky Flame             Conj/Fire      0%         2d3       80%         4
 Agony                    Necr           0%         N/A       98%         5
 Irradiate                Conj/Tmut      0%         3d11      98%         5
 Silence                  Hex/Air        0%         N/A       98%         5
 Ignition                 Fire           0%         3d3       100%        8


Dungeon Overview and Level Annotations

Branches:
Dungeon (8/15) Zot: 1061   Temple (1/1) D:4 Zot: 595    Lair (1/5) D:8 Zot: 527
Gauntlet (1/1) Zot: 291

Altars:
Ashenzari
Cheibriados
Dithmenos
Elyvilon
Fedhas
Gozag
Kikubaaqudgha
Nemelex Xobeh
Okawaru
Qazlal
Ru
Uskayaw
Vehumet
Yredelemnul
Zin
The Shining One

Shops:
D:4 *

Annotations:
D:5 2 transporters Gauntlet 8 transporters, 2 runed translucent doors, exclusion: oklob plant


Innate Abilities, Weirdness & Mutations

You are a hulking beast.
Your limbs bulge with bestial killing power. (Slay +4)
You passively map the area around you.
You sometimes lose the ability to drink potions when taking damage.
You cannot be stealthy.
You are easily found by Zot.
You glow in the dark.
You regain HP and MP as you explore.


Message History

Found a scroll labelled LUWIEREBAL and a slimy iron amulet.
Found a gate leading back out of this place.
Found a transporter.
You cannot drink potions in your current state!
You can drink potions again.
You feel very mighty all of a sudden.
You open the door.
A minotaur comes into view. It is wielding a +1 heavy morningstar.
The minotaur bellows!
The minotaur throws a javelin.
The javelin misses you.
Found a brass wand.
Found a gate leading back out of this place.
There is an open door here.
You punch the minotaur!
The minotaur is moderately wounded.
The minotaur hits you with a +1 heavy morningstar!!!
* * * LOW HITPOINT WARNING * * *
The minotaur gores you!
You feel threatened and lose the ability to drink potions!
* * * LOW HITPOINT WARNING * * *
You hit the minotaur.
The minotaur is moderately wounded.
Unknown command.
You hit the minotaur. You punch the minotaur!
The minotaur is heavily wounded.
Unknown command.
You pummel the minotaur!!
The minotaur is almost dead.
The minotaur hits you with a +1 heavy morningstar!!
* * * LOW HITPOINT WARNING * * *
The minotaur closely misses you.
You closely miss the minotaur.
The minotaur is almost dead.
Unknown command.
You closely miss the minotaur.
The minotaur furiously retaliates!
The minotaur headbutts you!
* * * LOW HITPOINT WARNING * * *
The minotaur is almost dead.
The minotaur hits you with a +1 heavy morningstar!!
You die...

#..#=#. ### * .# #.. ,
, ## #.# .##..##......
#.##......#..#### *
*###.##.##...#..#...
#≈~ #.#....##.©.#8.#"##
#≈≈.#.#.##.##...#..#?#≈
#≈∩..Hh.##....©.#∩.#©#~
#≈≈.#.#.##.##...#..#.#~
#≈ #.#....##.©.#8.#:##
* ###.##.##...#..#t..
#.##......#..####
#.##.##..##......
#....##.###..####
##########≈..#...
##..#.#.


You could see a minotaur.

Vanquished Creatures
  A cane toad (Lair:1)
  A rime drake (D:8)
  A komodo dragon (Lair:1)
  A troll (D:8)
  A raiju (Gauntlet)
  11 flying skulls (Gauntlet)
  A wyvern (Lair:1)
  6 yaks (Lair:1)
  3 steam dragons
  An acid dragon (Gauntlet)
  2 water moccasins (Lair:1)
  Duvessa (D:6)
  A sky beast (D:7)
  7 ice beasts
  A black bear (D:2)
  2 wolves (D:8)
  2 orc warriors
  3 centaurs
  A phantom (D:6)
  A kobold brigand (D:6)
  A bullfrog (D:8)
  A scorpion (D:5)
  9 wights
  Dowan (D:6)
  2 hounds
  3 orc priests
  4 jellies
  3 iguanas
  4 orc wizards
  7 adders
  4 gnolls (D:4)
  A shadow imp (D:8)
  An ufetubus (D:6)
  2 worms
  4 dart slugs
  21 orcs
  2 endoplasms
  2 giant cockroaches
  6 goblins
  3 hobgoblins
  8 jackals
  A quokka (D:2)
  7 ball pythons
  4 bats
  A frilled lizard (D:2)
  5 kobolds
  4 rats
159 creatures vanquished.

Vanquished Creatures (others)
  A human (D:8)
  A quokka (D:7)
2 creatures vanquished.

Grand Total: 161 creatures vanquished

Notes
Turn   | Place    | Note
-------+----------+-------------------------------------------
     0 | D:1      | lunkers the Meteoran Shapeshifter began the quest for the
                  | Orb.
     0 | D:1      | Reached XP level 1. HP: 16/16 MP: 2/2
    57 | D:1      | Reached skill level 4 in Unarmed Combat
    57 | D:1      | Reached XP level 2. HP: 23/23 MP: 3/3
   463 | D:2      | Reached XP level 3. HP: 22/28 MP: 4/4
   767 | D:2      | Reached XP level 4. HP: 33/35 MP: 5/5
   812 | D:2      | Reached skill level 5 in Unarmed Combat
   881 | D:2      | Noticed a black bear
   886 | D:2      | Killed a black bear
   887 | D:2      | Reached skill level 6 in Unarmed Combat
   887 | D:2      | Reached XP level 5. HP: 40/40 MP: 6/6
  1376 | D:3      | Reached XP level 6. HP: 38/47 MP: 7/7
  1593 | D:4      | Found a sacrificial altar of Ru.
  1594 | D:4      | Noticed an ice beast
  1602 | D:4      | Killed an ice beast
  1603 | D:4      | Reached skill level 5 in Shapeshifting
  1641 | D:4      | Became a worshipper of Ru the Awakened
  1715 | D:4      | Reached skill level 7 in Unarmed Combat
  1748 | D:4      | Reached XP level 7. HP: 41/52 MP: 8/8
  1769 | D:4      | Found Yssargh's Assorted Antiques.
  1776 | D:4      | Bought a scroll labelled FIG WUIDEYNEA for 25 gold pieces
  1776 | D:4      | Bought a scroll labelled OXIEBR JIEGROR for 25 gold pieces
  1776 | D:4      | Bought a scroll labelled YTAEBO JOSOQ for 25 gold pieces
  1776 | D:4      | Bought a fuming purple potion for 22 gold pieces
  1776 | D:4      | Bought a scroll labelled LAPOSAN UNECUI for 25 gold pieces
  1786 | D:4      | Found a staircase to the Ecumenical Temple.
  1832 | Temple   | Entered the Ecumenical Temple
  1929 | D:4      | Found a snail-covered altar of Cheibriados.
  2082 | D:4      | Identified a scroll of acquirement
  2082 | D:4      | Acquired a manual of Unarmed Combat
  2088 | D:5      | Entered Level 5 of the Dungeon
  2135 | D:5      | Found a transporter.
  2168 | D:5      | Found a transporter.
  2189 | D:5      | Reached skill level 8 in Unarmed Combat
  2298 | D:5      | Reached skill level 9 in Unarmed Combat
  2298 | D:5      | Reached XP level 8. HP: 51/59 MP: 9/9
  2345 | D:5      | Found a shadowy altar of Dithmenos.
  2506 | D:6      | Noticed Dowan
  2508 | D:6      | Reached skill level 10 in Unarmed Combat
  2527 | D:6      | Killed Dowan
  2528 | D:6      | Reached skill level 11 in Unarmed Combat
  2528 | D:6      | Noticed Duvessa
  2535 | D:6      | Killed Duvessa
  2541 | D:6      | Gained mutation: You cannot be stealthy. [Ru sacrifice]
  2685 | D:6      | Reached skill level 12 in Unarmed Combat
  2685 | D:6      | Gained mutation: You passively map the area around you.
                  | [Meteoran growth]
  2685 | D:6      | Reached XP level 9. HP: 17/64 MP: 10/10
  2810 | D:7      | Reached skill level 13 in Unarmed Combat
  2830 | D:7      | Found a white marble altar of Elyvilon.
  2863 | D:7      | Reached skill level 14 in Unarmed Combat
  3015 | D:7      | Found a hide-covered altar of Uskayaw.
  3108 | D:7      | Found a sparkling altar of Nemelex Xobeh.
  3180 | D:7      | Found a stormy altar of Qazlal.
  3406 | D:8      | Reached skill level 15 in Unarmed Combat
  3407 | D:8      | Gained mutation: You occasionally lose the ability to drink
                  | potions when taking damage. [Ru sacrifice]
  3407 | D:8      | Gained mutation: You sometimes lose the ability to drink
                  | potions when taking damage. [Ru sacrifice]
  3407 | D:8      | Reached * piety under Ru
  3407 | D:8      | Reached ** piety under Ru
  3422 | D:8      | Found an ancient bone altar of Kikubaaqudgha.
  3556 | D:8      | Reached XP level 10. HP: 45/73 MP: 11/11
  3679 | D:8      | Noticed a rime drake
  3695 | D:8      | Killed a rime drake
  3733 | D:8      | Found a staircase to the Lair.
  3793 | Lair:1   | Entered Level 1 of the Lair of Beasts
  3793 | Lair:1   | Noticed a cane toad
  3796 | Lair:1   | Killed a cane toad
  3797 | Lair:1   | Reached skill level 5 in Dodging
  3817 | Lair:1   | Noticed a komodo dragon
  3821 | Lair:1   | Reached skill level 5 in Fighting
  3834 | Lair:1   | Reached XP level 11. HP: 45/88 MP: 12/12
  3860 | Lair:1   | Found a gate leading to a gauntlet.
  3880 | Gauntlet | Entered a Gauntlet
  3880 | Gauntlet | Noticed a spectral death yak
  3880 | Gauntlet | Found a transporter.
  3880 | Gauntlet | Found a transporter.
  3882 | Gauntlet | Found a transporter.
  3882 | Gauntlet | Noticed a shining eye
  3882 | Gauntlet | Noticed a death scarab
  3885 | Gauntlet | Found a transporter.
  3885 | Gauntlet | Found a transporter.
  3904 | Gauntlet | Found a transporter.
  3916 | Gauntlet | Noticed an oklob plant
  3921 | Gauntlet | Found a transporter.
  3937 | Gauntlet | Found a transporter.
  3937 | Gauntlet | Found a transporter.
  3938 | Gauntlet | Found a transporter.
  3939 | Gauntlet | Noticed a ghost crab
  3941 | Gauntlet | Found a runed translucent door.
  3941 | Gauntlet | Noticed a death scarab
  3941 | Gauntlet | Noticed a spectral six-headed hydra
  3949 | Gauntlet | Noticed a death scarab
  3951 | Gauntlet | Found a transporter.
  4100 | Gauntlet | Found a runed translucent door.
  4107 | Gauntlet | Found a transporter.
  4129 | Gauntlet | Found the +3 Elemental Staff {ele, rElec rF+ rC+ AC+3}
  4133 | Gauntlet | Found a transporter.
  4144 | Gauntlet | Reached skill level 10 in Shapeshifting
  4175 | Gauntlet | Identified the +0 pair of boots of the Pits of Slime {Harm
                  | rF+ rC+}
  4179 | Gauntlet | Found a transporter.
  4197 | Gauntlet | Found the +3 salamander hide armour {Flames, rFlCloud rF++
                  | rC--}
  4197 | Gauntlet | Noticed a minotaur
  4204 | Gauntlet | HP: 2/92 [minotaur's headbutt (10)]
  4204 | Gauntlet | Demolished by a minotaur

Illustrated notes

Levels and vault maps discovered:
D:1:      dpeg_arrival_simpleton_a, layout_basic, serial_aquarium,
          aquarium_bridge_island_small [aquarium_subvault_small_water,
          aquarium_subvault_wall, aquarium_subvault_bridge,
          aquarium_subvault_balcony, aquarium_subvault_wall],
          aquarium_bridge_straight [aquarium_subvault_bridge,
          aquarium_subvault_wall, aquarium_subvault_bridge,
          aquarium_subvault_window], aquarium_window_2, aquarium_window_fake,
          aquarium_view_2d, aquarium_view_2a, aquarium_balcony_1b
D:2:      layout_loops_cross
D:3:      layout_basic, serial_glass, glass_columns_a, glass_columns_b
D:4:      layout_basic, kennysheep_slug_shrine, kennysheep_mini,
          minmay_temple_entry_junction_2, serial_shops,
          nicolae_shop_behind_doors, kennysheep_crisscross, minmay_small_thing
D:5:      gammafunk_wand_slinger, layout_rooms, mainiacjoe_overflow_alcove_2,
          minmay_misc_feat_alley
D:6:      layout_cave_pools, uniq_duvessa
D:7:      layout_loops_ring, nemelex_diamond_rough_becter, old_standard_altar,
          lemuel_doored_altar, elyvilon_altar_4, ebering_ghost_reflecting_pool
D:8:      layout_loops_ring, tgw_kikubaaqudgha,
          gammafunk_temple_overflow_forgotten, hellmonk_lair_entry_icy
Temple:   hellmonk_temple_flake
Lair:1:   layout_roguey, gauntlet_entry_generic,
          nzn_masters_of_martial_movement, uniq_gastronok
Gauntlet: gammafunk_gauntlet_mixed_choke_point
          [minmay_gauntlet_arena_77_chump_sandwich,
          minmay_gauntlet_arena_77_terracotta_army,
          minmay_gauntlet_arena_77_p_blocks,
          gammafunk_gauntlet_arena_arrow_garden,
          minmay_gauntlet_arena_77_broken_ladder,
          minmay_gauntlet_arena_77_shame_cube,
          minmay_gauntlet_arena_77_checkered, gauntlet_exit_watery]

Skill      XL: |  1  2  3  4  5  6  7  8  9 10 11 |
---------------+----------------------------------+-----
Unarmed Combat | 4 6 7 9 12 15 | 15.9
Shapeshifting  | 4 5 6 7 9 10 | 10.2
Fighting       | 2 5 7 |  7.5
Dodging        | 3 5 7 |  7.7

Action                     |  1- 3 |  4- 6 |  7- 9 | 10-12 || total
---------------------------+-------+-------+-------+-------++-------
  Melee: Unarmed           |    49 |    53 |   217 |   146 ||   465
         Punch             |     2 |     2 |    14 |    23 ||    41
 Invoke: Sacrifice Stealth |       |       |     1 |       ||     1
         Sacrifice Drink   |       |       |     1 |       ||     1
  Evoke: Wand              |       |       |       |     3 ||     3
    Use: Potion            |       |     2 |     2 |     1 ||     5
         Scroll            |       |       |    18 |     4 ||    22
   Stab: Paralysed         |       |       |       |     6 ||     6
         Distracted        |       |       |       |     1 ||     1
         Invisible         |       |       |       |     1 ||     1
 Armour: Leather armour    |     6 |     7 |    25 |       ||    38
         Skin              |       |     7 |    21 |       ||    28
         Ring mail         |       |       |     1 |    16 ||    17
         Steam dragon scal |       |       |       |     6 ||     6
  Dodge: Dodged            |    27 |    31 |   115 |    49 ||   222

Table legend: (Time is in decaauts)
 A = Elapsed time spent in this place.
 B = Non-inter-level travel time spent in this place.
 C = Inter-level travel time spent in this place.
 D = Time resting spent in this place.
 E = Time spent auto-exploring this place.
 F = Levels seen in this place.
 G = Mean time per level.
                   A        B        C        D        E       F      G
               +--------+--------+--------+--------+--------+-----+--------+
         Total |   4123 |   4026 |     97 |     79 |   2531 |  11 |  374.8 |
       Dungeon |   3738 |   3641 |     97 |     77 |   2531 |   8 |  467.2 |
        Temple |      4 |      4 |      0 |      0 |      0 |   1 |    4.0 |
          Lair |     72 |     72 |      0 |      0 |      0 |   1 |   72.0 |
      Gauntlet |    307 |    307 |      0 |      2 |      0 |   1 |  307.0 |
               +--------+--------+--------+--------+--------+-----+--------+

Top non-repeatable levels by time:
     D:2: 608 daAuts
     D:7: 607 daAuts
     D:4: 545 daAuts
     D:3: 464 daAuts
     D:1: 453 daAuts
     D:5: 399 daAuts
     D:8: 372 daAuts
Gauntlet: 307 daAuts
     D:6: 288 daAuts
  Lair:1: 72 daAuts
  Temple: 4 daAuts
